 Dungeon Crawl Stone Soup version 0.31-a0-1370-gf52a5a9ab3 (webtiles) character file.

Game seed: 15182829533514179556

151 wildpjah the Slasher (level 5, -2/38 HPs)
             Began as a Demonspawn Gladiator on Dec 24, 2023.
             Was an Initiate of Dithmenos.
             Slain by an orc
             ... wielding a +0 club
              (5 damage)
             ... on level 3 of the Dungeon.
             The game lasted 00:04:27 (1814 turns).

wildpjah the Slasher (Demonspawn Gladiator)         Turns: 1814, Time: 00:04:27

Health: -2/38      AC:  3    Str: 14    XL:     5   Next: 10%
Magic:  5/5        EV: 13    Int: 15    God:    Dithmenos [......]
Gold:   146        SH:  6    Dex: 16    Spells: 3/4 levels left

rFire   . . .        p - +2 short sword (venom)
rCold   . . .        (no shield)
rNeg    . . .        b - +0 leather armour
rPois   .            (helmet restricted)
rElec   .            (no cloak)
rCorr   .            (no gloves)
SInv    .            (no boots)
Will    .....        (no amulet)
Stlth   ++           l - +6 ring of intelligence
HPRegen 0.26/turn    n - ring of wizardry
MPRegen 0.09/turn

%: wizardry (x1)
@: no status effects
A: horns 1, large bone plates 2
a: Renounce Religion


You were on level 3 of the Dungeon.
You worshipped Dithmenos.
Dithmenos was noncommittal.
You visited 1 branch of the dungeon, and saw 3 of its levels.

You collected 146 gold pieces.

Inventory:

Hand Weapons
 a - a +0 long sword
 p - a +2 short sword of venom (weapon)
 s - a +0 great sword
Missiles
 d - 3 throwing nets
 e - a javelin
Armour
 b - a +0 leather armour (worn)
 c - a +0 helmet
Jewellery
 l - a +6 ring of intelligence (left hand)
 n - a ring of wizardry (right hand)
Wands
 o - a wand of paralysis (7)
Scrolls
 g - a scroll of amnesia {unknown}
 i - 2 scrolls of identify {unknown}
 r - a scroll of enchant armour {unknown}
 t - a scroll of poison {unknown}
Potions
 f - a potion of heal wounds {unknown}
 h - a potion of berserk rage {unknown}
 j - a potion of resistance {unknown}
 k - a potion of invisibility {unknown}
 m - a potion of cancellation {unknown}
 q - a potion of brilliance {unknown}


   Skills:
 + Level 2.2 Fighting
 + Level 1.2(2.7) Short Blades
 + Level 3.7(3.8) Long Blades
 + Level 1.9 Throwing
 + Level 1.3 Armour
 * Level 3.3 Dodging
 + Level 1.1 Stealth
 + Level 0.2 Spellcasting
 + Level 0.2 Hexes


You had 3 spell levels left.
You knew the following spells:

 Your Spells              Type           Power      Damage    Failure   Level
a - Slow                  Hex            0%         N/A       12%         1

Your spell library contained the following spells:

 Spells                   Type           Power      Damage    Failure   Level
 Ensorcelled Hibernation  Hex/Ice        0%         N/A       19%         2
 Passwall                 Alch/Erth      0%         N/A       21%         2
 Confusing Touch          Hex            0%         N/A       32%         3
 Sigil of Binding         Hex            0%         N/A       32%         3
 Swiftness                Air            0%         N/A       36%         3
 Vampiric Draining        Necr           0%         2d6       36%         3
 Vhi's Electric Charge    Tloc/Air       0%         N/A       75%         4
 Arcjolt                  Conj/Air       0%         1d10      97%         5
 Maxwell's Capacitive Co  Air            0%         ∞         100%        8


Dungeon Overview and Level Annotations

Branches:
Dungeon (3/15)

Altars:
Dithmenos
Yredelemnul

Annotations:
D:3 1 runed translucent door, Aldia's ghost, amateur DrSh


Innate Abilities, Weirdness & Mutations

You have a pair of small horns on your head.
You are mostly covered in large bone plates. (SH +6)


Message History

You closely miss something. You headbutt something.
You hear some strange, mumbled words.
A magic dart appears from out of thin air!
The magic dart hits you!
You barely miss something. Something hits you.
* * * LOW HITPOINT WARNING * * *
You miss something.
You hear some strange, mumbled words.
A magic dart appears from out of thin air!
The magic dart hits you.
* * * LOW HITPOINT WARNING * * *
You barely miss something. You headbutt something. Dithmenos accepts your kill.
Reactivating autopickup.
You feel a bit more experienced.
Your base Short Blades skill increases to level 1!
You have reached level 5!
You completely miss the hobgoblin. You barely miss the hobgoblin.
You block the hobgoblin's attack.
You hit the hobgoblin.
You kill the hobgoblin!
Dithmenos accepts your kill.
You hit the orc.
The orc is poisoned.
The orc is severely wounded.
You kill the orc!
Dithmenos accepts your kill.
You hit the orc.
The orc is poisoned.
The orc is lightly wounded.
The orc hits you with a +0 club.
* * * LOW HITPOINT WARNING * * *
You hit the orc.
The orc looks as sick as possible!
You headbutt the orc.
The orc is severely wounded.
You kill the orc!
Dithmenos accepts your kill.
You closely miss the orc. You headbutt the orc.
The orc is heavily wounded.
You closely miss the orc. You headbutt the orc.
The orc is almost dead.
The orc hits you with a +0 club.
You die...

.# #.#####.#..##.#.. .#
#..<....#####.#.. .#
####.##.._#...#.. .# #
#.##..####. .#
#.....).... .#
#.#...†..#. .#
#.#.#.#.... .#
#############.#.#.##...
.#
#...)†@o).#.....#.....>
.#
#.#######.#.#..........
##
#.........###########
#....{###g....#
#####oo##.....#
.o........#
###.#......# .#.#.####
.#.....


You could see an orc.

Vanquished Creatures
  2 orc wizards (D:3)
  4 adders
  A worm (D:2)
  A dart slug (D:2)
  2 orcs (D:3)
  8 endoplasms
  7 giant cockroaches
  5 goblins
  3 hobgoblins
  4 jackals
  3 kobolds (D:2)
  2 quokkas
  7 ball pythons
  A bat (D:1)
  A frilled lizard (D:2)
  4 rats
55 creatures vanquished.

Notes
Turn   | Place    | Note
-------+----------+-------------------------------------------
     0 | D:1      | wildpjah the Demonspawn Gladiator began the quest for the
                  | Orb.
     0 | D:1      | Reached XP level 1. HP: 16/16 MP: 1/1
    95 | D:2      | Gained mutation: You have a pair of small horns on your
                  | head. [demonic ancestry]
    95 | D:2      | Reached XP level 2. HP: 3/22 MP: 2/2
   437 | D:1      | Gained mutation: You are partially covered in large bone
                  | plates. (SH +4) [demonic ancestry]
   437 | D:1      | Reached XP level 3. HP: 27/27 MP: 3/3
   676 | D:2      | Learned a level 1 spell: Slow
   727 | D:2      | Found a basalt altar of Yredelemnul.
   921 | D:2      | Reached skill level 1 in Armour
  1303 | D:2      | Gained mutation: You are mostly covered in large bone
                  | plates. (SH +6) [demonic ancestry]
  1303 | D:2      | Reached XP level 4. HP: 33/33 MP: 4/4
  1522 | D:3      | Found a shadowy altar of Dithmenos.
  1543 | D:3      | Became a worshipper of Dithmenos the Shadowed
  1560 | D:3      | Found a runed translucent door.
  1561 | D:3      | Noticed Aldia's ghost (amateur DrSh)
  1612 | D:3      | Found a faded altar of an unknown god.
  1794 | D:3      | Reached skill level 1 in Stealth
  1807 | D:3      | Reached skill level 1 in Short Blades
  1807 | D:3      | Reached XP level 5. HP: 6/38 MP: 5/5
  1814 | D:3      | Slain by an orc

Illustrated notes

Levels and vault maps discovered:
D:1:      minmay_arrival_wavy_path, layout_rooms
D:2:      layout_loops_ring, basic_altar, chequers_big_river
D:3:      layout_basic, mainiacjoe_overflow_six_doors_small,
          ebering_ghost_reflecting_pool, ebering_ecumenical_altar_rust,
          serial_park_tiny_1

Skill      XL: |  1  2  3  4 |
---------------+-------------+-----
Long Blades    | 3 |  3.7
Dodging        | 3 |  3.3
Armour         | 1 |  1.3
Stealth        | 1 |  1.1
Short Blades   | 1 |  1.2
Fighting       | |  2.2
Throwing       | |  1.9
Spellcasting   | |  0.2
Hexes          | |  0.2

Action                     |  1- 3 |  4- 6 || total
---------------------------+-------+-------++-------
  Melee: Long sword        |    69 |       ||    69
         Punch             |     1 |       ||     1
         Headbutt          |    13 |     7 ||    20
         Short sword       |     6 |    50 ||    56
   Cast: Slow              |     2 |       ||     2
   Stab: Sleeping          |     2 |       ||     2
         Distracted        |     1 |     1 ||     2
 Armour: Leather armour    |    63 |    24 ||    87
  Dodge: Dodged            |    87 |    19 ||   106
  Block: Other             |     6 |     5 ||    11

Table legend: (Time is in decaauts)
 A = Elapsed time spent in this place.
 B = Non-inter-level travel time spent in this place.
 C = Inter-level travel time spent in this place.
 D = Time resting spent in this place.
 E = Time spent auto-exploring this place.
 F = Levels seen in this place.
 G = Mean time per level.
                   A        B        C        D        E       F      G
               +--------+--------+--------+--------+--------+-----+--------+
         Total |   1837 |   1785 |     52 |     58 |   1369 |   3 |  612.3 |
       Dungeon |   1837 |   1785 |     52 |     58 |   1369 |   3 |  612.3 |
               +--------+--------+--------+--------+--------+-----+--------+

Top non-repeatable levels by time:
     D:2: 1047 daAuts
     D:1: 480 daAuts
     D:3: 309 daAuts
